 Dungeon Crawl Stone Soup version 0.31-a0-246-g8cbcc1cb85 (webtiles) character file.

Game seed: 17630562433699679139

2964 qw the Skirmisher (level 9, -4/57 HPs)
             Began as a Gargoyle Hexslinger on July 12, 2023.
             Slain by a gnoll sergeant
             ... wielding a +0 spear
              (10 damage)
             ... on level 7 of the Dungeon.
             The game lasted 00:03:24 (6396 turns).

qw the Skirmisher (Gargoyle Hexslinger)             Turns: 6396, Time: 00:03:24

Health: -4/57      AC: 24    Str: 19    XL:     9   Next: 82%
Magic:  10/10      EV: 11    Int: 13    God:
Gold:   355        SH:  0    Dex: 14    Spells: 9/10 levels left

rFire   . . .        i - +0 shortbow
rCold   + . .        (shield currently unavailable)
rNeg    + . .        p - +3 ring mail of Onem {+Blink rPois}
rPois   inf          (no helmet)
rElec   +            (no cloak)
rCorr   +            g - +2 pair of gloves
SInv    .            d - +1 pair of boots of Fedhas's Castigation {rCorr}
Will    .....        (no amulet)
Stlth   +            e - +4 ring of protection
HPRegen 0.29/turn    a - ring "Vukebaq" {rC+ Slay+2}
MPRegen 0.12/turn

%: no passive effects
@: no status effects
A: sickness immunity, AC +6, negative energy resistance 1, electricity
resistance, torment resistance 1, petrification resistance, strong 2
a: Evoke Blink


You were on level 7 of the Dungeon.
You visited 1 branch of the dungeon, and saw 7 of its levels.

You collected 481 gold pieces.
You spent 126 gold pieces at shops.


Innate Abilities, Weirdness & Mutations

You are immune to sickness and miasma.
Your stone body is resilient. (AC +6)
You are immune to poison.
You resist negative energy. (rN+)
You are resistant to electric shocks. (rElec)
You are resistant to unholy torment.
You are immune to petrification.
Your muscles are very strong. (Str +8, Int/Dex -2)


   Skills:
 + Level 7.5 Fighting
 - Level 11.0 Ranged Weapons
 - Level 3.1 Armour
 - Level 2.1 Dodging
 - Level 1.0 Spellcasting
 - Level 2.6 Hexes


You had 9 spell levels left.
You knew the following spells:

 Your Spells              Type           Power      Damage    Failure   Level
a - Slow                  Hex            28%        N/A       16%         1

Your spell library contained the following spells:

 Spells                   Type           Power      Damage    Failure   Level
 Inner Flame              Hex/Fire       4%         N/A       63%         3
 Portal Projectile        Hex/Tloc       8%         N/A       63%         3
 Cause Fear               Hex            3%         N/A       83%         4

Inventory:

Hand Weapons
 i - a +0 shortbow (weapon)
Armour
 d - the +1 pair of boots of Fedhas's Castigation (worn) {rCorr}
   (You acquired it on level 2 of the Dungeon)

   rCorr:     It protects you from acid and corrosion.
 g - a +2 pair of gloves (worn)
 p - the +3 ring mail of Onem (worn) {+Blink rPois}
   (You found it on level 3 of the Dungeon)

   rPois:     It protects you from poison.
   +Blink:    It lets you blink.
Jewellery
 a - the ring "Vukebaq" (right hand) {rC+ Slay+2}
   (You acquired it on level 1 of the Dungeon)

   [ring of protection from cold]

   Slay:      It affects your accuracy & damage with ranged weapons and melee
   (+2).
   rC:        It protects you from cold.
 e - a +4 ring of protection (left hand)
Scrolls
 b - a scroll of identify
 m - a scroll of enchant armour
Potions
 c - a potion of haste
 f - a potion of might
 h - a potion of enlightenment
 j - a potion of mutation
 k - a potion of degeneration {unknown}
 n - a potion of lignification {unknown}
 o - a potion of curing
 q - a potion of magic {unknown}

Dungeon Overview and Level Annotations

Branches:
Dungeon (7/15)
 Temple: D:4-7

Altars:
Elyvilon
Nemelex Xobeh
Sif Muna
Uskayaw

Shops:
D:2 ?

Annotations:
D:3 2 runed translucent doors, Crazy Yiuf; qw's ghost, amateur GrHs


Message History

You shoot an arrow. The arrow hits the phantom.
You destroy the phantom!
The gnoll sergeant misses you. The gnoll hits you with a +0 flail.
You shoot an arrow. The arrow hits the gnoll.
The gnoll is moderately wounded.
The gnoll hits you with a +0 flail. The gnoll sergeant barely misses you.
You shoot an arrow. The arrow hits the gnoll!
You kill the gnoll!
The gnoll sergeant closely misses you.
You shoot an arrow.
The arrow hits the gnoll sergeant but does no damage.
The gnoll sergeant misses you.
You shoot an arrow. The arrow hits the gnoll sergeant.
The gnoll sergeant is lightly wounded.
The gnoll sergeant barely misses you.
You shoot an arrow. The gnoll sergeant blocks the arrow.
The gnoll sergeant barely misses you.
You shoot an arrow.
The arrow hits the gnoll sergeant but does no damage.
The gnoll sergeant is lightly wounded.
The gnoll sergeant hits you from afar with a +0 spear.
You shoot an arrow.
The arrow hits the gnoll sergeant but does no damage.
The gnoll sergeant is lightly wounded.
The gnoll sergeant closely misses you.
You shoot an arrow.
The arrow hits the gnoll sergeant but does no damage.
The gnoll sergeant is lightly wounded.
The gnoll sergeant hits you but does no damage.
You shoot an arrow.
The arrow hits the gnoll sergeant but does no damage.
The gnoll sergeant is lightly wounded.
The gnoll sergeant hits you from afar with a +0 spear.
You shoot an arrow. The arrow hits the gnoll sergeant.
The gnoll sergeant is lightly wounded.
The gnoll sergeant barely misses you.
You shoot an arrow.
The arrow closely misses the gnoll sergeant.
The gnoll sergeant hits you from afar with a +0 spear!
You die...

# ####### #. .#
# ....... #. .#
# ####### #. .#
#.#######
####### ##
#.###.#
#....yyy#
)).....
..#.....### #.#
#######
.g......# #.#
...... #.)%##.#
#######.#
###### #@# #.#
#....?..# #.#
#.# #.######.
#.###.####.# #.
#....#..##.#
####.
#####.#.##.#
#.... #.#.##.#
#.##. ###
..#.##.###.###
..#
####...........
#.# #..#
####.###.###


You could see a gnoll sergeant.

Vanquished Creatures
  Maggie (D:6)
  Grinder (D:6)
  Sigmund (D:3)
  A wyvern (D:7)
  A black bear (D:4)
  A centaur (D:7)
  3 ogres
  2 phantoms
  A kobold brigand (D:5)
  3 scorpions
  3 wights (D:7)
  5 killer bees (D:7)
  4 howler monkeys
  2 jellies
  2 orc priests
  A hound (D:3)
  2 sleepcaps
  Terence (D:2)
  7 iguanas
  A scorpion zombie (D:2)
  4 orc wizards
  A howler monkey zombie (D:2)
  5 gnolls (D:7)
  6 adders
  2 white imps (D:6)
  An ufetubus (D:4)
  An adder zombie (D:2)
  A dart slug (D:3)
  23 orcs
  A bat zombie (D:2)
  13 endoplasms
  3 giant cockroaches
  6 goblins
  7 hobgoblins
  6 jackals
  13 kobolds
  10 quokkas
  12 ball pythons
  A ball python skeleton (D:2)
  4 bats
  2 frilled lizards (D:2)
  A jackal zombie (D:2)
  5 rats
171 creatures vanquished.

Notes
Turn   | Place    | Note
-------+----------+-------------------------------------------
     0 | D:1      | qw the Gargoyle Hexslinger began the quest for the Orb.
     0 | D:1      | Reached XP level 1. HP: 12/12 MP: 2/2
     0 | D:1      | 0 ||| qw: Version: 0.3-a-52-g30416fa
     0 | D:1      | 0 ||| qw: Game counter: 6378
     0 | D:1      | 0 ||| qw: Melee chars always use a shield: true
     0 | D:1      | 0 ||| qw: God list: Okawaru
     0 | D:1      | 0 ||| qw: Allow faded altars: false
     0 | D:1      | 0 ||| qw: Do Orc after clearing Dungeon:15 true
     0 | D:1      | 0 ||| qw: Do second Lair branch before Depths: true
     0 | D:1      | 0 ||| qw: Lair rune preference: random
     0 | D:1      | 0 ||| qw: Goals: Normal
     0 | D:1      | 0 ||| PLANNING D:1-11
   105 | D:1      | 105 ||| FLEEEEING.
   107 | D:1      | 107 ||| FLEEEEING.
   108 | D:1      | 108 ||| FLEEEEING.
   109 | D:1      | 109 ||| FLEEEEING.
   110 | D:1      | 110 ||| FLEEEEING.
   111 | D:1      | 111 ||| FLEEEEING.
   112 | D:1      | 112 ||| FLEEEEING.
   113 | D:1      | 113 ||| FLEEEEING.
   114 | D:1      | 114 ||| FLEEEEING.
   115 | D:1      | 115 ||| FLEEEEING.
   116 | D:1      | 116 ||| FLEEEEING.
   117 | D:1      | 117 ||| FLEEEEING.
   118 | D:1      | 118 ||| FLEEEEING.
   119 | D:1      | 119 ||| FLEEEEING.
   120 | D:1      | 120 ||| FLEEEEING.
   121 | D:1      | 121 ||| FLEEEEING.
   122 | D:1      | 122 ||| FLEEEEING.
   123 | D:1      | 123 ||| FLEEEEING.
   124 | D:1      | 124 ||| FLEEEEING.
   125 | D:1      | 125 ||| FLEEEEING.
   126 | D:1      | 126 ||| FLEEEEING.
   127 | D:1      | 127 ||| FLEEEEING.
   208 | D:1      | Reached XP level 2. HP: 16/16 MP: 3/3
   391 | D:1      | Reached skill level 3 in Ranged Weapons
   546 | D:1      | Reached XP level 3. HP: 21/21 MP: 4/4
   575 | D:1      | Found a faded altar of an unknown god.
   818 | D:1      | 818 ||| UPGRADING to +0 ring mail.
   828 | D:1      | 828 ||| DROPPING +0 robe.
   829 | D:1      | 829 ||| UPGRADING to +0 pair of gloves.
   834 | D:1      | 834 ||| DROPPING ring of flight.
   835 | D:1      | 835 ||| UPGRADING to ring of positive energy.
   836 | D:1      | 836 ||| READING scroll labelled ETZAOPLOHU.
   837 | D:1      | 837 ||| READING scroll labelled KODIOR FOVVIYMOWK.
   842 | D:1      | 842 ||| READING scroll labelled MECLAG UHOI.
   842 | D:1      | Identified a scroll of acquirement
   842 | D:1      | 842 ||| ACQUIRING ring "Vukebaq" {rC+ Slay+2}
   842 | D:1      | Acquired the ring "Vukebaq" {rC+ Slay+2}
   844 | D:1      | 844 ||| UPGRADING to ring "Vukebaq" {rC+ Slay+2}.
   845 | D:1      | 845 ||| READING scroll labelled YDDEYR XATH.
   846 | D:1      | 846 ||| DROPPING scroll of poison.
   982 | D:2      | Reached skill level 1 in Armour
  1052 | D:2      | Reached XP level 4. HP: 25/26 MP: 5/5
  1097 | D:2      | Reached skill level 4 in Ranged Weapons
  1122 | D:2      | 1122 ||| READING scroll of enchant armour.
  1122 | D:2      | 1122 ||| ENCHANTING +0 pair of gloves.
  1147 | D:2      | 1147 ||| READING scroll of acquirement.
  1147 | D:2      | 1147 ||| ACQUIRING +1 pair of boots of Fedhas's Castigation
                  | {rCorr}
  1147 | D:2      | Acquired the +1 pair of boots of Fedhas's Castigation
                  | {rCorr}
  1149 | D:2      | 1149 ||| UPGRADING to +1 pair of boots of Fedhas's
                  | Castigation {rCorr}.
  1174 | D:2      | Found Yreunauw's Magic Scroll Shop.
  1177 | D:2      | 1177 ||| BUYING scroll of enchant armour (82 gold).
  1177 | D:2      | Bought a scroll of enchant armour for 82 gold pieces
  1177 | D:2      | 1177 ||| BUYING scroll of identify (22 gold).
  1177 | D:2      | Bought a scroll of identify for 22 gold pieces
  1177 | D:2      | 1177 ||| BUYING scroll of identify (22 gold).
  1177 | D:2      | Bought a scroll of identify for 22 gold pieces
  1177 | D:2      | 1177 ||| SHOPLISTING scroll of teleportation (33 gold, have
                  | 15).
  1177 | D:2      | 1177 ||| READING scroll of enchant armour.
  1177 | D:2      | 1177 ||| ENCHANTING +1 pair of gloves.
  1435 | D:2      | Reached XP level 5. HP: 28/30 MP: 6/6
  1494 | D:2      | Identified the +7 spear of the Sage {freeze, rF+ Dex+4}
  1577 | D:2      | 1577 ||| READING 2 scrolls labelled VEROWU MUDGHAUNE.
  1578 | D:2      | 1578 ||| READING 3 scrolls of identify.
  1578 | D:2      | 1578 ||| IDENTIFYING pink potion
  1579 | D:2      | 1579 ||| READING 2 scrolls of identify.
  1579 | D:2      | 1579 ||| IDENTIFYING glowing golden potion
  1580 | D:2      | 1580 ||| DROPPING scroll of vulnerability.
  1599 | D:3      | Noticed Terence
  1599 | D:3      | Noticed Sigmund
  1605 | D:3      | 1605 ||| STAIRDANCE
  1620 | D:2      | HP: 6/30 [Terence/+0 flail (2)]
  1621 | D:2      | 1621 ||| READING 2 scrolls of teleportation.
  1622 | D:2      | 1622 ||| DRINKING potion of heal wounds.
  1638 | D:2      | Killed Terence
  1639 | D:2      | Reached skill level 5 in Ranged Weapons
  1658 | D:3      | 1658 ||| STAIRDANCE
  1687 | D:3      | 1687 ||| STAIRDANCE
  1708 | D:3      | 1708 ||| STAIRDANCE
  1759 | D:3      | 1759 ||| STAIRDANCE
  1761 | D:3      | 1761 ||| STAIRDANCE
  1763 | D:2      | 1763 ||| DRINKING potion of curing.
  1763 | D:2      | 1763 ||| (to cure confusion)
  1771 | D:3      | 1771 ||| STAIRDANCE
  1773 | D:3      | 1773 ||| STAIRDANCE
  1775 | D:3      | 1775 ||| STAIRDANCE
  1801 | D:3      | 1801 ||| STAIRDANCE
  1828 | D:3      | 1828 ||| STAIRDANCE
  1864 | D:3      | Killed Sigmund
  1865 | D:3      | Reached XP level 6. HP: 39/39 MP: 7/7
  1989 | D:3      | Found a white marble altar of Elyvilon.
  1992 | D:3      | Found a runed translucent door.
  1995 | D:3      | Noticed qw's ghost (amateur GrHs)
  2174 | D:3      | Identified the +3 ring mail of Onem {+Blink rPois}
  2384 | D:3      | Found a runed translucent door.
  2385 | D:3      | Noticed Crazy Yiuf
  2515 | D:3      | 2515 ||| UPGRADING to +3 ring mail of Onem {+Blink rPois}.
  2525 | D:3      | 2525 ||| DROPPING +0 ring mail.
  2526 | D:3      | 2526 ||| READING 3 scrolls of identify.
  2526 | D:3      | 2526 ||| IDENTIFYING clear potion
  2527 | D:3      | 2527 ||| READING 2 scrolls of identify.
  2527 | D:3      | 2527 ||| IDENTIFYING sapphire potion
  2528 | D:3      | 2528 ||| DROPPING potion of berserk rage.
  2630 | D:4      | Reached XP level 7. HP: 35/44 MP: 8/8
  2680 | D:4      | Reached skill level 6 in Ranged Weapons
  3124 | D:4      | Reached skill level 7 in Ranged Weapons
  3432 | D:4      | 3432 ||| DROPPING +1 leather armour of cold resistance.
  3453 | D:5      | Entered Level 5 of the Dungeon
  3500 | D:5      | Found the +1 Delatra's gloves {ID++}
  3534 | D:5      | Reached XP level 8. HP: 48/48 MP: 9/9
  3749 | D:5      | Found a sparkling altar of Nemelex Xobeh.
  3761 | D:5      | Reached skill level 8 in Ranged Weapons
  3763 | D:5      | 3763 ||| FLEEEEING.
  3764 | D:5      | 3764 ||| FLEEEEING.
  3985 | D:5      | 3985 ||| UPGRADING to +4 ring of protection.
  3987 | D:5      | 3987 ||| DROPPING ring of positive energy.
  3988 | D:5      | 3988 ||| READING scroll labelled ZENGEIDW FEOR.
  4089 | D:5      | 4089 ||| DRINKING 2 fuming silvery potions.
  4090 | D:5      | 4090 ||| DRINKING 2 potions of curing.
  4090 | D:5      | 4090 ||| (to cure confusion)
  4091 | D:5      | 4091 ||| READING 2 scrolls of identify.
  4091 | D:5      | 4091 ||| IDENTIFYING brown potion
  4092 | D:5      | 4092 ||| DROPPING potion of brilliance.
  4093 | D:5      | 4093 ||| DROPPING potion of ambrosia.
  4110 | D:6      | 4110 ||| Stepping ~*~*~tactically~*~*~ (outnumbered).
  4131 | D:6      | 4131 ||| STAIRDANCE
  4227 | D:6      | Found a shimmering blue altar of Sif Muna.
  4227 | D:6      | Found a hide-covered altar of Uskayaw.
  4608 | D:6      | 4608 ||| Stepping ~*~*~tactically~*~*~ (outnumbered).
  4610 | D:6      | 4610 ||| Stepping ~*~*~tactically~*~*~ (outnumbered).
  4620 | D:6      | Reached skill level 9 in Ranged Weapons
  4751 | D:6      | Noticed Grinder
  4754 | D:6      | 4754 ||| FLEEEEING.
  4755 | D:6      | 4755 ||| FLEEEEING.
  4756 | D:6      | 4756 ||| FLEEEEING.
  4757 | D:6      | 4757 ||| FLEEEEING.
  4778 | D:6      | Killed Grinder
  4779 | D:6      | Reached skill level 6 in Fighting
  4867 | D:6      | Noticed Maggie
  4890 | D:6      | HP: 12/51 [Maggie/+0 glaive (4)]
  4890 | D:6      | HP: 4/51 [Maggie/+0 glaive (8)]
  4891 | D:6      | 4891 ||| READING 3 scrolls of teleportation.
  4892 | D:6      | 4892 ||| DRINKING 2 potions of heal wounds.
  5111 | D:6      | 5111 ||| READING scroll labelled NIW MACIOF.
  5112 | D:6      | HP: 7/51 [Maggie/+0 glaive (11)]
  5113 | D:6      | 5113 ||| READING 2 scrolls of teleportation.
  5114 | D:6      | 5114 ||| DRINKING potion of heal wounds.
  5223 | D:6      | Reached XP level 9. HP: 46/55 MP: 10/10
  5428 | D:6      | Killed Maggie
  5429 | D:6      | Reached skill level 10 in Ranged Weapons
  5578 | D:6      | Reached skill level 3 in Armour
  5627 | D:6      | 5627 ||| READING scroll labelled TIJARY MODASIUH.
  5628 | D:6      | 5628 ||| READING scroll labelled FOXKYV QUUBB.
  5629 | D:6      | 5629 ||| DRINKING 2 blue potions.
  5629 | D:6      | Gained mutation: Your muscles are strong. (Str +4, Int/Dex
                  | -1) [potion of mutation]
  5629 | D:6      | Gained mutation: Your muscles are very strong. (Str +8,
                  | Int/Dex -2) [potion of mutation]
  5630 | D:6      | 5630 ||| READING 2 scrolls of identify.
  5630 | D:6      | 5630 ||| IDENTIFYING red potion
  5754 | D:7      | 5754 ||| SWAPPING to +0 shortbow.
  5755 | D:7      | 5755 ||| DROPPING +1 sling of flaming.
  5815 | D:7      | HP: 14/57 [killer bee (5)]
  5816 | D:7      | 5816 ||| READING scroll of teleportation.
  6063 | D:7      | 6063 ||| Stepping ~*~*~tactically~*~*~ (outnumbered).
  6286 | D:7      | Reached skill level 11 in Ranged Weapons
  6381 | D:7      | HP: 11/57 [gnoll sergeant/+0 spear (8)]
  6386 | D:7      | HP: 8/57 [gnoll/+0 flail[a gnoll sergeant] (3)]
  6391 | D:7      | HP: 6/57 [gnoll sergeant/+0 spear (3)]
  6396 | D:7      | Slain by a gnoll sergeant

Levels and vault maps discovered:
D:1:      lightli_arrival_statue_moat, layout_basic, basic_ecumenical_altar,
          minmay_cut_off
D:2:      layout_loops_ring, serial_shops, nicolae_shop_behind_doors,
          serial_undead, serial_undead_d, serial_undead_e, serial_undead_d,
          serial_undead_d
D:3:      layout_rooms, mainiacjoe_overflow_catwalk,
          ebering_ghost_reflecting_pool, uniq_terence, uniq_crazy_yiuf_cottage,
          uniq_sigmund
D:4:      layout_cave_pods, hangedman_decor_lopped
D:5:      layout_rooms, mainiacjoe_overflow_concentric_impassable,
          ebering_dispersal_statue_hall
D:6:      layout_loops_corners, gammafunk_temple_overflow_pools,
          lightli_orcish_oven, uniq_grinder, uniq_maggie
D:7:      layout_loops_ring, temple_statues

Skill      XL: |  1  2  3  4  5  6  7  8  9 |
---------------+----------------------------+-----
Ranged Weapons | 3 4 5 7 9 11 | 11.0
Fighting       | 2 4 6 7 |  7.5
Armour         | 1 2 3 |  3.1
Dodging        | 2 |  2.1
Spellcasting   | |  1.0
Hexes          | |  2.6

Action                     |  1- 3 |  4- 6 |  7- 9 || total
---------------------------+-------+-------+-------++-------
   Fire: Sling             |   120 |   201 |   375 ||   696
         Shortbow          |       |       |   169 ||   169
    Use: Scroll            |     4 |     9 |     9 ||    22
         Potion            |       |     2 |     5 ||     7
 Armour: Robe              |    15 |       |       ||    15
         Ring mail         |     8 |   115 |   235 ||   358
  Dodge: Dodged            |    17 |   110 |   239 ||   366

Table legend:
 A = Non-vault XP
 B = Vault XP
 C = Vault XP percentage of total XP
 D = Non-vault monster count
 E = Vault monster count
 F = Vault count percentage of total count
                 A         B        C        D         E       F
            +---------+---------+-------+---------+---------+-------
      Total |    3196 |    1039 |  24.5 |     152 |      19 |  11.1
            +---------+---------+-------+---------+---------+-------
        D:1 |      40 |       6 |  13.0 |      25 |       4 |  13.8
        D:2 |      72 |     101 |  58.4 |      28 |       7 |  20.0
        D:3 |     121 |     226 |  65.1 |      19 |       1 |   5.0
        D:4 |     453 |       0 |   0.0 |      22 |       0 |   0.0
        D:5 |     685 |       0 |   0.0 |      14 |       0 |   0.0
        D:6 |     554 |     706 |  56.0 |      20 |       7 |  25.9
        D:7 |    1271 |       0 |   0.0 |      24 |       0 |   0.0
            +---------+---------+-------+---------+---------+-------
